amateurhour, chaotic male elven Monk ----- --------- |... |.......| |...- |...<...| |...| |.......| |...| ------.-- |...| -+-- - | # |...--+--..| -- ..| # |..........| ......| # |........{.--|---- ...........| # #|............................... -----|- %-...--+--..%........-+--+--- | |......#####@@q####|...| -------- ---- |....>| # |...| |..... |...| ------- |...- |.... ------ amateurhour the Initiate Experience level: 6 Strength: 18 Dexterity: 9 Constitution: 16 Intelligence: 10 Wisdom: 14 Charisma: 9 Health: 0(57) Energy: 65(65) Def: 6 Gold: 722 Moves: 2573 Dungeon seed: SRYQpw0Fcjz0cvJV Game ID: amateurhour_1609539067 Your Inventory: Coins $ - 722 gold pieces Weapons r - an uncursed +0 orcish dagger of stealth J - 12 uncursed +0 darts (in quiver) Z - an uncursed +0 dagger of searching Armor e - an uncursed +2 pair of leather gloves (being worn) h - an uncursed +0 dwarvish cloak n - an uncursed +1 robe (being worn) o - an uncursed +0 pair of iron shoes q - an uncursed +0 dwarvish cloak x - an uncursed +0 mummy wrapping H - an uncursed +0 dwarvish cloak I - an uncursed +0 pair of iron shoes L - an uncursed +0 dwarvish cloak M - an uncursed +0 pair of iron shoes R - an uncursed +0 pair of iron shoes X - an uncursed +0 dwarvish cloak Comestibles d - 5 uncursed food rations f - 5 uncursed apples g - 5 uncursed oranges Scrolls b - an uncursed scroll of confuse monster k - 2 uncursed scrolls of remove curse m - an uncursed scroll of enchant weapon t - an uncursed scroll of recall v - a blessed scroll of identify w - an uncursed scroll of gold detection z - 2 blessed scrolls of remove curse B - an uncursed scroll of punishment C - an uncursed scroll of destroy armor Spellbooks O - an uncursed spellbook of levitation Potions c - 3 uncursed potions of healing j - an uncursed potion of extra healing l - an uncursed potion of confusion s - an uncursed potion of hallucination u - an uncursed potion of booze A - an uncursed potion of gain ability Rings P - an uncursed ring of regeneration Wands Q - an uncursed wand of sleep (0:4) Tools a - 4 uncursed wax candles (0:400) i - an uncursed oil lamp (0:1009) E - 15 uncursed tallow candles (0:200) F - a blessed tallow candle (0:200) S - an uncursed +0 pick-axe T - an uncursed lock pick Gems p - an uncursed worthless piece of white glass y - an uncursed worthless piece of blue glass D - 2 uncursed worthless pieces of orange glass G - an uncursed garnet stone K - 2 uncursed worthless pieces of black glass N - an uncursed worthless piece of violet glass U - an uncursed worthless piece of red glass V - 2 uncursed obsidian stones W - an uncursed diamond Y - an uncursed worthless piece of yellow glass Spells and supernatural/magical abilities: Name Level Category Cost Memory p - protection 1 clerical 5pw 96% W - pray for help -- divine ? -- Your skills at the end: Fighting Skills martial arts [Basic] wands [Basic] Weapon Skills Spellcasting Skills healing spells [Basic] Final Attributes: You were piously aligned. You were immune to sleep. You were poison resistant. You saw invisible. You had infravision. You were stealthy. You were fast. You were lucky. Huan Ti was noncommittal. You are dead. Vanquished creatures: a small mimic a vampire bat a gnome king a soldier ant a violet fungus 4 gnome lords 3 gnomish wizards a kobold mummy a little dog a floating eye 6 dwarves a giant bat 2 hobbits a green mold 18 gnomes a gecko 7 jackals a fox a kobold 3 goblins a sewer rat 5 grid bugs 3 lichens 5 newts 70 creatures vanquished. Voluntary challenges: You followed a strict vegan diet. You were an atheist. You never hit with a wielded weapon. You were illiterate. You never genocided any monsters. You never polymorphed an object. You never changed form. You used no wishes. You never split a pudding. You never wrote Elbereth's name. You never violated your personal moral code. Dungeon overview: The Dungeons of Doom: levels 1 to 4 Level 1 a long staircase Level 2 (300 scroll in shop) a general store, a fountain, a sink Level 3 Level 4 (300 scroll in shop) a general store stairs to The Gnomish Mines The Gnomish Mines: levels 5 to 8 Level 5 stairs to The Dungeons of Doom Level 6 Level 7 Level 8 <- You were here a fountain History has recorded: On T:1 you entered the Dungeons of Doom to retrieve the Amulet of Yendor! On T:993 you reached level 2 of The Dungeons of Doom. On T:1016 you advanced to experience level 2. On T:1208 you advanced to experience level 3. On T:1295 you reached level 3 of The Dungeons of Doom. On T:1538 you reached level 4 of The Dungeons of Doom. On T:1709 you reached level 1 of The Gnomish Mines. On T:1718 you advanced to experience level 4. On T:1816 you advanced to experience level 5. On T:2091 you reached level 2 of The Gnomish Mines. On T:2177 you advanced to experience level 6. On T:2251 you reached level 3 of The Gnomish Mines. On T:2404 you reached level 4 of The Gnomish Mines. Score breakdown: Gold: 722 ( 9725 points) Experience: 6 levels (12456 points) Exploration: 8 levels ( 15.38%) (11114 points) Discoveries: 3 items ( 1.09%) ( 3127 points) Valuables value: (no points given unless you survive) Artifact value: 0 ( 0 points) Variety of kills: 24 monsters ( 6.32%) ( 7539 points) Turncount: 2573 turns ( -373 points) Survival: died (score multiplied by 80%) Total score: 34870 Latest messages: The dwarf thrusts his broad short sword at you. The dwarf hits! You kill the gnomish wizard! You hit the dwarf! The dwarf thrusts his broad short sword at you. The dwarf misses. The baluchitherium hits! (2x) The dwarf picks up a spellbook from the floor. The gnome mummy misses. The gnome mummy hits! The gnome mummy just misses! The gnomish wizard casts a spell! The dwarf looks better. The gnome mummy looks better. The dwarf picks up several items from the floor. You see here a male vampire bat corpse. You displace the watchman. The baluchitherium displaces the watchman. The gnome mummy displaces the watchman. You stop. The watchman is in the way! The baluchitherium hits! (2x) You die... Final status: Goodbye amateurhour the Monk, killed by a baluchitherium... You died in The Gnomish Mines on dungeon level 8 with 34870 points, and 722 pieces of gold, after 2573 moves. You were level 6 with a maximum of 57 hit points when you died.